 Dungeon Crawl Stone Soup version 0.26.0-10-g1f06aea511 (webtiles) character file.

Game seed: 17368990677796263221

49401 night the Frost Mage (level 14, -1/108 HPs)
             Began as a Green Draconian Ice Elementalist on Jan 21, 2021.
             Was a High Priest of Sif Muna.
             Slain by a cane toad (8 damage)
             ... on level 6 of the Lair of Beasts on Jan 22, 2021.
             The game lasted 01:09:09 (24197 turns).

night the Frost Mage (DrIE)                        Turns: 24197, Time: 01:09:10

Health: -1/108     AC: 10    Str: 13    XL:     14   Next: 15%
Magic:  12/39      EV: 13    Int: 19    God:    Sif Muna [*****.]
Gold:   986        SH:  0    Dex: 11    Spells: 14/37 levels left

rFire    x . .     SeeInvis .   b - staff of cold
rCold    + + .     Faith    +   (no shield)
rNeg     . . .     Spirit   .   (armour unavailable)
rPois    +         Reflect  .   G - +0 hat
rElec    .         Harm     .   (no cloak)
rCorr    .         Rampage  .   (no gloves)
Will     +....                  H - +1 pair of boots {run}
Stlth    +.........             p - amulet of faith
HPRegen  0.28/turn              D - ring of magical power
MPRegen  0.26/turn              M - ring of ice

@: very slow
A: breathe noxious fumes, unfitting armour, stinger 1, poison resistance,
cold-blooded, AC +8
a: Breathe Noxious Fumes, Renounce Religion, Channel Magic, Forget Spell, Divine
Exegesis


You were on level 6 of the Lair of Beasts.
You worshipped Sif Muna.
Sif Muna was extremely pleased with you.
You visited 2 branches of the dungeon, and saw 16 of its levels.
You also visited: Ossuary.

You collected 1211 gold pieces.
You spent 225 gold pieces at shops.

Inventory:

Hand Weapons
 a - a +1 whip of electrocution
 i - a +2 hand axe of flaming
 y - the +3 dagger "Jamen" {vorpal, rPois Str+5 Int+4}
   (You found it on level 6 of the Dungeon)

   It inflicts extra damage upon your enemies.
   It affects your strength (+5).
   It affects your intelligence (+4).
   It protects you from poison.
Missiles
 k - 56 poisoned darts (quivered)
 m - 387 stones
 Q - 3 curare-tipped darts
Armour
 z - a +0 kite shield
 G - a +0 hat (worn)
 H - a +1 pair of boots of running (worn)
 I - a +0 pair of gloves
Magical Staves
 b - an uncursed staff of cold (weapon)
Jewellery
 p - an amulet of faith (around neck)
 D - a ring of magical power (left hand)
 E - a +4 ring of evasion
 J - an uncursed amulet of regeneration
 L - an uncursed ring of protection from cold
 M - a ring of ice (right hand)
 P - an uncursed ring of fire
 S - an uncursed amulet of guardian spirit
 V - an uncursed ring of positive energy
Wands
 x - a wand of random effects (38)
 F - a wand of acid (6)
 T - a wand of digging (5)
 W - a wand of iceblast (12)
 Y - a wand of polymorph (7)
Scrolls
 d - 7 scrolls of teleportation
 e - 4 scrolls of magic mapping
 j - 4 scrolls of amnesia
 q - 7 scrolls of remove curse
 u - 2 scrolls of fog
 B - a scroll of fear
 C - a scroll of enchant armour
 N - a scroll of immolation
 O - a scroll of torment
 R - a scroll of vulnerability
Potions
 c - 3 potions of degeneration
 f - 3 potions of ambrosia
 g - 3 potions of lignification
 l - 2 potions of attraction
 n - 10 potions of curing
 r - 3 potions of heal wounds
 s - 4 potions of mutation
 t - a potion of brilliance
 v - 2 potions of flight
 w - 3 potions of resistance
 A - 2 potions of might
 K - a potion of berserk rage
Miscellaneous
 h - a phantom mirror


   Skills:
 + Level 5.7 Fighting
 + Level 10.3 Maces & Flails
 + Level 4.4 Dodging
 - Level 1.7 Stealth
 + Level 3.2 Shields
 + Level 12.0 Spellcasting
 + Level 3.2 Fire Magic
 + Level 14.9 Ice Magic
 - Level 8.3 Invocations


You had 14 spell levels left.
You knew the following spells:

 Your Spells              Type           Power        Failure   Level
a - Freeze                Ice            100%         0%          1
b - Frozen Ramparts       Ice            100%         1%          3
c - Ozocubu's Armour      Ice            100%         1%          3
d - Ozocubu's Refrigerat  Ice            50%          1%          6
e - Summon Ice Beast      Ice/Summ       74%          2%          4
f - Starburst             Conj/Fire      8%           99%         6

Your spell library contained the following spells:

 Spells                   Type           Power        Failure   Level
 Ensorcelled Hibernation  Hex/Ice        100%         1%          2
 Hailstorm                Conj/Ice       74%          2%          4
 Ice Form                 Ice/Tmut       74%          2%          4
 Animate Skeleton         Necr           22%          6%          1
 Apportation              Tloc           22%          6%          1
 Corona                   Hex            12%          6%          1
 Magic Dart               Conj           44%          6%          1
 Shock                    Conj/Air       44%          6%          1
 Summon Small Mammal      Summ           44%          6%          1
 Metabolic Englaciation   Hex/Ice        37%          8%          5
 Blink                    Tloc           N/A          9%          2
 Call Imp                 Summ           11%          9%          2
 Corpse Rot               Necr/Air       N/A          9%          2
 Passwall                 Tmut/Erth      9%           9%          2
 Slow                     Hex            11%          9%          2
 Conjure Flame            Conj/Fire      17%          10%         3
 Ignite Poison            Fire/Tmut/Pois 15%          12%         3
 Call Canine Familiar     Summ           11%          19%         3
 Mephitic Cloud           Conj/Pois/Air  11%          19%         3
 Teleport Other           Tloc           11%          19%         3
 Simulacrum               Ice/Necr       37%          41%         6
 Cause Fear               Hex            5%           52%         4
 Leda's Liquefaction      Hex/Erth       5%           52%         4
 Summon Lightning Spire   Summ/Air       11%          52%         4
 Fireball                 Conj/Fire      8%           65%         5
 Bolt of Magma            Conj/Fire/Erth 7%           71%         5
 Freezing Cloud           Conj/Ice/Air   31%          77%         6
 Irradiate                Conj/Tmut      5%           86%         5
 Lightning Bolt           Conj/Air       5%           86%         5
 Silence                  Hex/Air        5%           86%         5
 Summon Forest            Summ/Tloc      5%           86%         5
 Yara's Violent Unravell  Hex/Tmut       5%           86%         5
 Eringya's Noxious Bog    Tmut/Pois      5%           100%        6
 Iron Shot                Conj/Erth      5%           100%        6
 Statue Form              Tmut/Erth      7%           100%        6
 Discord                  Hex            5%           100%        8
 Disjunction              Tloc           5%           100%        8
 Ignition                 Fire           11%          100%        8
 Shatter                  Erth           5%           100%        9


Dungeon Overview and Level Annotations

Branches:
Dungeon (10/15)            Temple (0/1) D:5            Lair (6/6) D:10
  Swamp (0/4) Lair:3        Snake (0/4) Lair:3          Orc (0/2) D:10
Ossuary (visited)
  Slime: Lair:5-6

Altars:
Ashenzari
Fedhas
Gozag
Nemelex Xobeh
Qazlal
Ru
Sif Muna
Trog
Uskayaw
Vehumet
Wu Jian
Xom
Zin
Beogh

Shops:
D:8 *   D:10 (

Annotations:
D:8 Erica


Innate Abilities, Weirdness & Mutations

You can breathe blasts of noxious fumes.
Your lurid green scales are hard. (AC +8)
You cannot fit into any form of body armour.
Your tail ends in a poisonous barb.
Your system is resistant to poisons. (rPois)
You are cold-blooded and may be slowed by cold attacks.


Message History

The plant begins to die.
The plant is lightly damaged.
You kill the dream sheep!
Sif Muna accepts your kill.
You kill the dream sheep!
Sif Muna accepts your kill.
You kill the dream sheep!
Sif Muna accepts your kill.
You kill the dream sheep!
Sif Muna accepts your kill.
Your Spellcasting skill increases to level 12!
Unknown command.
You see here a falchion.
You enter the shallow water.
Moving in this stuff is going to be slow.
You enter the shallow water.
Moving in this stuff is going to be slow.
You can drink potions again.
The cane toad stings you!
You die...

≈≈≈≈≈≈≈≈≈≈# .P≈≈≈≈
............. ≈≈≈≈≈≈.≈.##≈≈≈≈≈≈
..........#.. #≈≈≈.≈≈≈##≈≈≈≈≈≈
.≈.........#. #≈≈.≈≈≈≈≈#≈≈≈≈#
............# #≈≈†≈†?(≈#≈≈≈#
≈.≈.[.........
###≈†≈[$)≈≈≈#####≈.............
#≈≈≈≈≈.?/≈≈≈≈##≈≈≈............+
#≈†≈≈#≈..≈≈.≈≈#≈≈≈≈...........#
≈≈≈≈
#≈≈≈≈.≈≈≈#@≈≈≈...........## ≈≈≈
##≈≈.≈†≈≈F≈≈≈............## F
##.≈≈≈≈≈≈≈≈≈≈≈.≈..†........
#≈.≈≈≈≈†≈≈≈≈≈..............
##≈≈≈≈≈≈≈≈≈≈†..............
#≈≈≈≈≈≈≈≈≈≈≈≈≈.#...........
#≈≈≈≈≈≈≈≈≈≈≈≈≈..#........###
##≈≈≈≈≈≈≈≈≈≈≈..##.......## #
≈≈≈≈≈≈≈≈≈≈≈≈..#........# ##


You could see a cane toad.

Vanquished Creatures
  A dire elephant (Lair:2)
  Snorg (Lair:3)
  The ghost of Yzxunnie the Fighter, a journeyman OgBe of Trog (D:10)
  4 hydras
  2 boulder beetles
  A two-headed ogre (D:9)
  Urug (Lair:5)
  A fire crab (Lair:4)
  An oklob plant (Lair:1)
  Joseph (D:8)
  9 elephants
  10 black mambas
  2 torpor snails (Lair:2)
  29 cane toads
  4 komodo dragons
  A rime drake (Lair:1)
  5 tyrant leeches
  4 polar bears
  29 blink frogs
  4 dream sheep (Lair:6)
  A spriggan (Lair:1)
  39 yaks
  2 basilisks
  Eustachio (D:6)
  6 vampire mosquitoes (Lair:6)
  2 nagas (Lair:3)
  21 water moccasins
  4 orc warriors
  2 ice beasts
  3 sky beasts (D:10)
  A black bear (Lair:5)
  A phantom (D:6)
  10 wolves
  4 centaurs
  3 ogres
  2 big kobolds (D:10)
  26 bullfrogs
  2 water moccasin zombies (Ossuary)
  8 scorpions
  18 wights
  An electric eel (Lair:3)
  4 howler monkeys
  A bullfrog zombie (D:6)
  3 crimson imps (D:4)
  A centaur zombie (D:6)
  6 hounds
  5 orc priests
  2 jellies
  5 orc wizards
  A gnoll shaman (D:7)
  2 centaur skeletons
  Terence (D:2)
  A hell rat (Lair:2)
  An iguana (D:6)
  4 worker ants
  A statue (D:4)
  A killer bee zombie (D:7)
  5 big kobold zombies (Ossuary)
  2 mummies (Ossuary)
  5 gnolls (D:7)
  11 adders
  3 white imps
  3 ufetubi
  An ooze (D:1)
  5 adder zombies (Ossuary)
  4 worms (D:2)
  2 dart slugs
  5 leopard geckos
  24 orcs
  7 giant cockroaches
  11 goblins
  11 hobgoblins
  8 jackals
  26 kobolds
  4 quokkas
  4 ball pythons
  A ball python skeleton (D:5)
  8 bats
  7 frilled lizards
  2 gnoll zombies (Ossuary)
  5 hobgoblin zombies (Ossuary)
  A jackal skeleton (D:6)
  A kobold zombie (Ossuary)
  A leopard gecko zombie (D:7)
  4 orc zombies (Ossuary)
  A quokka skeleton (D:4)
  9 rats
  4 bushes
  A butterfly (Lair:4)
493 creatures vanquished.

Vanquished Creatures (collateral kills)
  A yak (Lair:1)
  An ice beast (D:10)
  A nameless horror (Lair:1)
  An orc (D:10)
4 creatures vanquished.

Vanquished Creatures (others)
  A black mamba (Lair:6)
  An orc wizard (D:7)
  78 fungi
  222 plants
302 creatures vanquished.

Grand Total: 799 creatures vanquished

Notes
Turn   | Place    | Note
-------+----------+-------------------------------------------
     0 | D:1      | night the Draconian Ice Elementalist began the quest for
                  | the Orb.
     0 | D:1      | Reached XP level 1. HP: 14/14 MP: 3/3
   272 | D:1      | Reached XP level 2. HP: 14/20 MP: 0/5
   823 | D:1      | Reached XP level 3. HP: 18/26 MP: 5/7
   851 | D:1      | Learned a level 3 spell: Frozen Ramparts
   855 | D:1      | Learned a level 3 spell: Ozocubu's Armour
  1688 | D:2      | Reached XP level 4. HP: 33/33 MP: 3/8
  1855 | D:2      | Noticed Terence
  1862 | D:2      | Killed Terence
  1863 | D:2      | Reached skill level 5 in Ice Magic
  2271 | D:2      | Reached skill level 1 in Maces & Flails
  2775 | D:3      | Found a bloodstained altar of Trog.
  2796 | D:3      | Reached XP level 5. HP: 34/38 MP: 4/10
  3724 | D:4      | Noticed an ogre
  3728 | D:4      | Killed an ogre
  3927 | D:4      | Reached XP level 6. HP: 45/45 MP: 7/12
  3982 | D:4      | Learned a level 4 spell: Summon Ice Beast
  4141 | D:4      | Found a shimmering altar of Xom.
  4157 | D:4      | Found a blossoming altar of Fedhas.
  4158 | D:4      | Found a stormy altar of Qazlal.
  4161 | D:4      | Found a shimmering blue altar of Sif Muna.
  4161 | D:4      | Found a sparkling altar of Nemelex Xobeh.
  4162 | D:4      | Found a hide-covered altar of Uskayaw.
  4162 | D:4      | Found a broken altar of Ashenzari.
  4162 | D:4      | Found an ornate altar of the Wu Jian Council.
  4162 | D:4      | Found a shimmering altar of Xom.
  4166 | D:4      | Became a worshipper of Sif Muna the Loreminder
  4297 | D:4      | Reached skill level 6 in Ice Magic
  4339 | D:4      | Found a radiant altar of Vehumet.
  4702 | D:4      | Your scales start taking on a lurid green colour.
  4702 | D:4      | Reached XP level 7. HP: 50/50 MP: 13/13
  4702 | D:4      | Gained mutation: Your system is resistant to poisons.
                  | (rPois) [Green Draconian growth]
  4834 | D:5      | Entered Level 5 of the Dungeon
  5252 | D:5      | Reached skill level 5 in Spellcasting
  5374 | D:5      | Found a staircase to the Ecumenical Temple.
  5707 | D:6      | Noticed Eustachio
  5719 | D:6      | Killed Eustachio
  5921 | D:6      | Reached skill level 7 in Ice Magic
  5921 | D:6      | Reached XP level 8. HP: 32/57 MP: 16/16
  6118 | D:6      | Reached * piety under Sif Muna
  6435 | D:6      | Reached skill level 5 in Maces & Flails
  6767 | D:6      | Got a warped dagger
  6767 | D:6      | Identified the cursed +3 dagger "Jamen" {vorpal, rPois
                  | Str+5 Int+4} (You found it on level 6 of the Dungeon)
  6983 | D:6      | Identified the Catalogue of Supportive Cold
  7444 | D:7      | Reached skill level 8 in Ice Magic
  7467 | D:7      | Found a sand-covered staircase.
  7475 | Ossuary  | Entered an ossuary
  7753 | Ossuary  | Reached ** piety under Sif Muna
  7754 | Ossuary  | Reached XP level 9. HP: 59/62 MP: 19/19
  8547 | D:7      | Reached *** piety under Sif Muna
  9275 | D:7      | Found an opulent altar of Gozag.
  9275 | D:7      | Found a glowing silver altar of Zin.
  9968 | D:8      | Reached skill level 9 in Ice Magic
 10723 | D:8      | Found Boigam's Assorted Antiques.
 10732 | D:8      | Noticed Joseph
 10751 | D:8      | Killed Joseph
 10752 | D:8      | Reached XP level 10. HP: 23/69 MP: 22/22
 10990 | D:8      | Noticed Erica
 11488 | D:8      | Bought a pair of glowing boots for 225 gold pieces
 11498 | D:8      | Identified a +0 pair of boots of running (You bought it in
                  | a shop on level 8 of the Dungeon)
 11891 | D:9      | Found a sacrificial altar of Ru.
 11974 | D:9      | Reached **** piety under Sif Muna
 12001 | D:9      | Noticed a two-headed ogre
 12019 | D:9      | Killed a two-headed ogre
 12208 | D:10     | Entered Level 10 of the Dungeon
 12225 | D:10     | Got a scorched arbalest
 12225 | D:10     | Identified the +4 arbalest of Ytiurch {penet, rElec rC+
                  | rN+} (You found it on level 10 of the Dungeon)
 12574 | D:10     | Found Bol Vashi's Weapon Shoppe.
 12653 | D:10     | Reached skill level 10 in Ice Magic
 12740 | D:10     | Reached skill level 1 in Fighting
 12779 | D:10     | Found a staircase to the Lair.
 13178 | D:10     | Found a staircase to the Orcish Mines.
 13199 | D:10     | Found a runed translucent door.
 13200 | D:10     | Found a roughly hewn altar of Beogh.
 13204 | D:10     | Noticed Yzxunnie's ghost (journeyman OgBe)
 13309 | D:10     | Killed Yzxunnie's ghost
 13721 | Lair:1   | Entered Level 1 of the Lair of Beasts
 13775 | Lair:1   | Noticed a black mamba
 13784 | Lair:1   | Killed a black mamba
 13981 | Lair:1   | Noticed a black mamba
 13998 | Lair:1   | Killed a black mamba
 14028 | Lair:1   | Reached XP level 11. HP: 73/82 MP: 24/24
 14080 | Lair:1   | Noticed a boulder beetle
 14118 | Lair:1   | Reached ***** piety under Sif Muna
 14160 | Lair:1   | Killed a boulder beetle
 14160 | Lair:1   | Received a gift from Sif Muna
 14348 | Lair:1   | Learned a level 6 spell: Ozocubu's Refrigeration
 14772 | Lair:1   | Reached skill level 11 in Ice Magic
 14772 | Lair:1   | Reached skill level 1 in Invocations
 15690 | Lair:1   | Noticed an oklob plant
 15694 | Lair:1   | Killed an oklob plant
 15695 | Lair:1   | Reached skill level 10 in Spellcasting
 16069 | Lair:1   | Reached skill level 12 in Ice Magic
 16069 | Lair:1   | Reached XP level 12. HP: 84/91 MP: 22/26
 16303 | Lair:1   | Noticed an eight-headed hydra
 16306 | Lair:1   | Killed an eight-headed hydra
 16462 | Lair:2   | Reached skill level 5 in Invocations
 16957 | Lair:2   | Identified Oduozeupn's Papyrus of Weightlessness and
                  | Transmigration (Sif Muna gifted it to you on level 2 of the
                  | Lair of Beasts)
 16957 | Lair:2   | Received a gift from Sif Muna
 17148 | Lair:2   | Reached skill level 13 in Ice Magic
 17153 | Lair:2   | Noticed a five-headed hydra
 17162 | Lair:2   | Killed a five-headed hydra
 17994 | Lair:2   | You fall into a shaft and drop 2 floors!
 18571 | Lair:2   | Noticed a dire elephant
 18872 | Lair:2   | Killed a dire elephant
 18873 | Lair:2   | Reached XP level 13. HP: 96/96 MP: 11/28
 19634 | Lair:2   | Reached skill level 14 in Ice Magic
 20111 | Lair:3   | Found a staircase to the Snake Pit.
 20205 | Lair:3   | Noticed Snorg
 20209 | Lair:3   | Killed Snorg
 20461 | Lair:3   | Found a staircase to the Swamp.
 21164 | Lair:4   | Identified Sif Muna's Guide on Mutagenic Dislocation (Sif
                  | Muna gifted it to you on level 4 of the Lair of Beasts)
 21164 | Lair:4   | Received a gift from Sif Muna
 21883 | Lair:4   | Learned a level 6 spell: Starburst
 22384 | Lair:5   | You fall into a shaft and drop 1 floor!
 22384 | Lair:6   | Entered Level 6 of the Lair of Beasts
 22392 | Lair:5   | Reached skill level 1 in Shields
 22392 | Lair:5   | Reached skill level 1 in Fire Magic
 22690 | Lair:5   | Noticed Urug
 22702 | Lair:5   | Killed Urug
 22755 | Lair:5   | Reached skill level 10 in Maces & Flails
 23232 | Lair:6   | Reached skill level 5 in Fighting
 23851 | Lair:6   | Gained mutation: Your tail ends in a poisonous barb. [Green
                  | Draconian growth]
 23851 | Lair:6   | Reached XP level 14. HP: 52/107 MP: 24/29
 24178 | Lair:6   | Identified Sif Muna's Guide on Weightlessness and Ice (Sif
                  | Muna gifted it to you on level 6 of the Lair of Beasts)
 24178 | Lair:6   | Received a gift from Sif Muna
 24188 | Lair:6   | HP: 4/108 [dream sheep (25)]
 24197 | Lair:6   | Slain by a cane toad

Illustrated notes

Levels and vault maps discovered:
D:1:      dpeg_arrival_pits, layout_basic
D:2:      minmay_angry_zag, layout_basic, uniq_terence
D:3:      layout_loops_ring, roderic_serpentine_path, trog_hazing_becter
D:4:      layout_gridville, grunt_temple_overflow_open, vehumet_statue,
          led_xom_imps
D:5:      layout_loops_ring, minmay_temple_entry_statues
D:6:      layout_basic, uniq_eustachio
D:7:      cheibrodos_quashed, layout_cave_pods,
          grunt_temple_overflow_gold_and_silver, chequers_ossuary_entry_cave,
          lemuel_old_faithful
D:8:      layout_basic, serial_shops,
          nicolae_shop_temple_entry_statues_fountains,
          hangedman_decor_peaks_small, uniq_erica, uniq_joseph
D:9:      layout_rooms, nicolae_ru_awakened_eye
D:10:     layout_irregular_city, dpeg_oklobed_lair,
          minmay_orc_entry_temple_small, gammafunk_ghost_grave, serial_shops,
          shop_statue
Lair:1:   cheibrodos_lair_river_kwai, layout_cellular_growth,
          grunt_forest_large_clearing_hut, lemuel_fruit_fields,
          minmay_lair_oklob_chamber, grunt_megastairs_2, serial_bayou_shore_a
Lair:2:   nzn_winding_woodlands_large [nzn_winding_woodlands_5x5_default,
          nzn_winding_woodlands_5x15_pockets, nzn_winding_woodlands_5x5_three,
          nzn_winding_woodlands_center_lodge,
          nzn_winding_woodlands_15x15_five_gardens,
          nzn_winding_woodlands_center_pierced_h,
          nzn_winding_woodlands_5x5_perimeter,
          nzn_winding_woodlands_5x15_garden,
          nzn_winding_woodlands_5x5_open_star], layout_cellular_growth
Lair:3:   layout_hall_layers, minmay_swamp_entry_worms,
          guppyfry_snake_entry_garden, nicolae_quartered_pool_super, uniq_snorg
Lair:4:   layout_gridlike, lemuel_fruit_fields, grunt_megastairs_5
Lair:5:   layout_hall_layers, uniq_urug
Lair:6:   minmay_lair_end_frog_pond, layout_regular_city,
          nicolae_slime_entry_slimehenge

Skill      XL: |  1  2  3  4  5  6  7  8  9 10 11 12 13 14 |
---------------+-------------------------------------------+-----
Spellcasting   | 3 4 5 6 8 9 10 11 12 | 12.0
Ice Magic      | 5 6 7 8 9 10 12 13 14 | 14.9
Maces & Flails | 1 2 3 4 6 7 9 10 | 10.3
Dodging        | 3 4 |  4.4
Fighting       | 3 4 5 |  5.7
Invocations    | 4 7 8 |  8.3
Shields        | 2 3 |  3.2
Fire Magic     | 2 3 |  3.2
Stealth        | |  1.7

Action                   |  1- 3 |  4- 6 |  7- 9 | 10-12 | 13-15 || total
-------------------------+-------+-------+-------+-------+-------++-------
Melee: Unarmed           |    19 |       |       |       |       ||    19
       Tailslap          |     7 |    10 |    40 |    17 |     6 ||    80
       Dagger            |    40 |     1 |       |       |       ||    41
       Whip              |       |   136 |   331 |   183 |    16 ||   666
       Trident           |       |     6 |       |       |       ||     6
       Staff             |       |       |       |    57 |    69 ||   126
Throw: Dart              |       |     2 |     2 |     8 |     2 ||    14
 Cast: Freeze            |    51 |    10 |    32 |    27 |    45 ||   165
       Frozen Ramparts   |       |    22 |    20 |    30 |     1 ||    73
       Ozocubu's Armour  |       |     1 |    17 |     9 |       ||    27
       Summon Ice Beast  |       |       |       |    31 |     1 ||    32
       Ozocubu's Refrige |       |       |       |    93 |    97 ||   190
Invok: Channel Magic     |       |       |       |     1 |     2 ||     3
 Abil: Breathe Noxious F |       |       |     8 |     2 |     1 ||    11
Evoke: Wand              |       |       |       |     2 |       ||     2
  Use: Scroll            |       |       |    18 |     4 |     8 ||    30
 Stab: Sleeping          |     1 |     2 |     5 |     2 |       ||    10
       Confused          |       |       |     1 |       |       ||     1
       Distracted        |       |       |       |     1 |       ||     1
Armor: Skin              |    34 |    37 |    87 |    62 |    30 ||   250
Dodge: Dodged            |    64 |    80 |   159 |   163 |    97 ||   563
